Gangsters vs Knights
Created - 31 janvier 2013 at 19:03
Goals
|
| Gangsters |
0 |
2 |
0 |
2 |
| Knights |
2 |
3 |
2 |
7 |
|
Shots
|
| Gangsters |
10 |
11 |
10 |
31 |
| Knights |
16 |
13 |
11 |
40 |
|
1st period
1. Knights , Darroll Powe 16 (Garnet Exelby, Steve Downie) at 1:31
2. Knights , Darroll Powe 17 (Karlis Skrastins, Troy Brouwer) at 2:21
Penalties :
Garnet Exelby (Lon) for Holding (Minor) at 9:22, Jaroslav Balastik (Bro) for Holding (Minor) at 9:22, Troy Brouwer (Lon) for Cross-checking (Minor) at 16:29, Jaroslav Balastik (Bro) for Holding (Minor) at 16:38
2nd period
3. Knights , Steve Downie 24 (Darroll Powe) at 2:26
4. Knights , Jack Skille 12 (Peter Mueller, Mats Zuccarello) at 4:27
5. Gangsters , Ryan Keller 7 (Igor Radulov, Jaroslav Balastik) at 9:46
6. Gangsters , Cory Murphy 3 (Artem Anisimov) at 9:54
7. Knights , Ryan Suter 5 (Jarret Stoll, Sergei Shirokov) at 19:33 (PP)
Penalties :
Ryan Keller (Bro) for Cross-checking (Minor) at 5:45, Matt Read (Bro) for Roughing (Minor) at 12:46, Artem Anisimov (Bro) for Tripping (Minor) at 17:47
3rd period
8. Knights , Darroll Powe 18 (Steve Downie) at 0:06
9. Knights , Jack Skille 13 (Garnet Exelby) at 16:38
Penalties :
Nigel Dawes (Lon) for Fighting (Major) at 4:17, Alexei Emelin (Bro) for Fighting (Major) at 4:17, Troy Brouwer (Lon) for Hooking (Minor) at 5:06, Troy Brouwer (Lon) for Slashing (Minor) at 12:25, Garnet Exelby (Lon) for Interference (Minor) at 19:56
Goalie Stats
Steve Valiquette (Bro), 33 saves from 40 shots - (0,825), L, 12-9-2, 60:00 minutes
Michael Leighton (Lon), 29 saves from 31 shots - (0,935), W, 11-9-1, 60:00 minutes
Players Stats for Gangsters
Player Name G A P +/- PIM S H SB GA TA FO MP PP MP PK MP
------------------------------------------------------------------------------------
Alexandre Bolduc 0 0 0 1 0 0 1 0 0 0 7/14 16:24 1:47 0:07
Alexei Emelin 0 0 0 -3 5 0 2 0 1 0 0/0 11:11 0:00 0:00
Artem Anisimov 0 1 1 -2 2 0 0 0 0 1 15/25 15:32 0:00 0:00
Brock Bradford 0 0 0 0 0 0 0 0 0 0 3/5 7:14 0:00 0:00
Byron Ritchie 0 0 0 -3 0 2 2 0 1 0 3/9 16:47 2:23 3:17
Chris Bourque 0 0 0 -3 0 3 2 0 0 0 2/3 12:10 0:00 1:05
Cory Murphy 1 0 1 -1 0 5 3 2 1 1 0/0 28:06 2:42 4:07
Igor Radulov 0 1 1 1 0 2 3 1 0 0 0/0 17:52 1:47 1:24
Jaroslav Balastik 0 1 1 -2 4 6 1 1 0 0 4/6 21:32 2:22 3:10
Josh Gorges 0 0 0 0 0 0 0 0 0 0 0/0 19:53 1:28 1:46
Matt Read 0 0 0 -3 2 0 0 0 0 0 0/0 10:03 0:00 0:00
Mike Commodore 0 0 0 0 0 2 0 1 0 1 0/0 20:42 1:28 1:46
Nick Foligno 0 0 0 0 0 1 0 0 0 0 0/0 7:14 0:00 0:00
Ryan Jones 0 0 0 0 0 1 3 0 1 0 0/0 9:38 0:00 1:19
Ryan Keller 1 0 1 1 2 3 0 0 0 0 0/0 15:42 1:47 0:00
Staffan Kronwall 0 0 0 -1 0 1 0 2 0 0 0/0 27:31 2:42 4:07
Tim Jackman 0 0 0 -2 0 5 3 0 1 1 1/3 20:05 2:23 1:24
Ville Koistinen 0 0 0 -3 0 0 0 1 0 0 0/0 12:36 0:00 0:00
Players Stats for Knights
Player Name G A P +/- PIM S H SB GA TA FO MP PP MP PK MP
------------------------------------------------------------------------------------
Danny Irmen 0 0 0 0 0 1 1 1 0 0 2/4 9:18 0:11 1:06
Darroll Powe 3 1 4 3 0 7 1 4 1 0 17/37 22:41 2:35 2:35
Garnet Exelby 0 2 2 2 4 3 2 0 0 0 0/0 15:20 1:33 1:31
Jack Skille 2 0 2 1 0 5 2 0 1 1 0/0 15:41 3:17 0:00
Jarret Stoll 0 1 1 0 0 3 0 0 0 0 5/10 15:57 3:07 0:00
Jeff Schultz 0 0 0 -1 0 0 0 3 0 1 0/0 26:41 1:42 2:31
Joel Ward 0 0 0 0 0 2 1 0 0 0 0/0 8:00 0:01 0:00
Karlis Skrastins 0 1 1 3 0 0 0 3 0 0 0/0 12:22 0:00 1:39
Kyle Greentree 0 0 0 0 0 0 1 0 0 0 0/0 10:54 0:21 1:50
Mats Zuccarello 0 1 1 1 0 2 1 0 0 0 0/1 12:15 0:00 1:01
Nigel Dawes 0 0 0 0 5 3 1 0 1 0 1/1 16:48 2:25 1:19
Peter Mueller 0 1 1 1 0 2 0 0 0 0 2/8 11:14 0:00 0:00
Ryan Suter 1 0 1 2 0 2 4 1 0 1 0/0 18:41 4:11 0:08
Sergei Shirokov 0 1 1 0 0 4 2 0 0 0 1/1 15:19 3:07 0:29
Sheldon Brookbank 0 0 0 2 0 1 1 0 0 0 0/0 25:02 4:11 2:31
Steve Downie 1 2 3 3 0 2 1 0 1 0 1/1 18:34 2:26 0:00
Troy Brouwer 0 1 1 3 6 3 0 1 0 0 1/2 15:11 0:09 0:00
Zbynek Michalek 0 0 0 0 0 0 1 0 0 2 0/0 21:57 0:09 0:00
3 Stars
1 - Darroll Powe (Lon)
2 - Steve Downie (Lon)
3 - Jack Skille (Lon)
Power Play
Gangsters - 0 on 4 Attempt(s) - 0,00%
Knights - 1 on 4 Attempt(s) - 25,00%
Penalty Kill
Gangsters - 3 on 4 Attempt(s) - 75,00%
- Score 0 goal in Penalty Kill
Knights - 4 on 4 Attempt(s) - 100,00%
- Score 0 goal in Penalty Kill
Official
Referees : Auger Stephane and Dwyer Gord
Linesman : Scott Cherrey and Tony Sericolo
Game Notes
Darroll Powe has scored a Hat Trick!
Nigel Dawes and Alexei Emelin fight to a draw at 4:17 of 3rd period
Ryan Suter is injured at 5:49 of 3rd period (Sprained Right Ankle)
Gangsters
5 vs 5 Forward
Center Left Wing Right Wing Time % Phy DF OF
1 Artem Anisimov Jaroslav Balastik Tim Jackman 40 1 2 2
2 Alexandre Bolduc Igor Radulov Ryan Keller 30 1 2 2
3 Byron Ritchie Chris Bourque Matt Read 20 1 2 2
4 Brock Bradford Nick Foligno Ryan Jones 10 1 2 2
5 vs 5 Defense
Defense Defense Time % Phy DF OF
1 Cory Murphy Staffan Kronwall 40 1 2 2
2 Mike Commodore Josh Gorges 30 1 2 2
3 Alexei Emelin Ville Koistinen 20 1 2 2
4 Cory Murphy Staffan Kronwall 10 1 2 2
PowerPlay Forward
Center Left Wing Right Wing Time % Phy DF OF
1 Byron Ritchie Jaroslav Balastik Tim Jackman 60 1 2 2
2 Alexandre Bolduc Igor Radulov Ryan Keller 40 1 2 2
PowerPlay Defense
Defense Defense Time % Phy DF OF
1 Cory Murphy Staffan Kronwall 60 1 2 2
2 Mike Commodore Josh Gorges 40 1 2 2
Penalty Kill 4 Players Forward
Center Wing Time % Phy DF OF
1 Jaroslav Balastik Byron Ritchie 60 1 2 2
2 Tim Jackman Igor Radulov 40 1 2 2
Penalty Kill 4 Players Defense
Defense Defense Time % Phy DF OF
1 Cory Murphy Staffan Kronwall 60 1 2 2
2 Mike Commodore Josh Gorges 40 1 2 2
Penalty Kill - 3 Players Forward
Forward Time % Phy DF OF
1 Jaroslav Balastik 60 1 2 2
2 Byron Ritchie 40 1 2 2
Penalty Kill - 3 Players Defense
Defense Defense Time % Phy DF OF
1 Cory Murphy Staffan Kronwall 60 1 2 2
2 Mike Commodore Josh Gorges 40 1 2 2
4 vs 4 Forward
Center Wing Time % Phy DF OF
1 Jaroslav Balastik Byron Ritchie 60 1 2 2
2 Tim Jackman Igor Radulov 40 1 2 2
4 vs 4 Defense
Defense Defense Time % Phy DF OF
1 Cory Murphy Staffan Kronwall 60 1 2 2
2 Mike Commodore Josh Gorges 40 1 2 2
Last Minutes Offensive
Center Left Wing Right Wing Defense Defense
Byron Ritchie Jaroslav Balastik Tim Jackman Cory Murphy Staffan Kronwall
Last Minutes Defensive
Center Left Wing Right Wing Defense Defense
Byron Ritchie Jaroslav Balastik Tim Jackman Cory Murphy Staffan Kronwall
Goaltenders
Starting : Steve Valiquette
Backup : David LeNeveu
Extra Forwards
Normal : Chris Bourque, Matt Read, Ryan Jones - PP : Chris Bourque, Matt Read - PK : Ryan Jones
Extra Defensemen
Normal : Alexei Emelin, Ville Koistinen, Mike Commodore - PP : Alexei Emelin - PK : Ville Koistinen, Mike Commodore
Penalty Shots
Jaroslav Balastik, Byron Ritchie, Tim Jackman, Igor Radulov, Chris Bourque
Knights
5 vs 5 Forward
Center Left Wing Right Wing Time % Phy DF OF
1 Darroll Powe Troy Brouwer Steve Downie 38 1 2 2
2 Jarret Stoll Nigel Dawes Sergei Shirokov 30 1 2 2
3 Peter Mueller Mats Zuccarello Jack Skille 22 1 2 2
4 Danny Irmen Kyle Greentree Joel Ward 10 1 2 2
5 vs 5 Defense
Defense Defense Time % Phy DF OF
1 Jeff Schultz Zbynek Michalek 40 1 2 2
2 Ryan Suter Sheldon Brookbank 30 1 2 2
3 Karlis Skrastins Garnet Exelby 20 1 2 2
4 Sheldon Brookbank Ryan Suter 10 1 2 2
PowerPlay Forward
Center Left Wing Right Wing Time % Phy DF OF
1 Darroll Powe Nigel Dawes Steve Downie 60 1 2 2
2 Jarret Stoll Sergei Shirokov Jack Skille 40 1 2 2
PowerPlay Defense
Defense Defense Time % Phy DF OF
1 Sheldon Brookbank Ryan Suter 60 1 2 2
2 Jeff Schultz Garnet Exelby 40 1 2 2
Penalty Kill 4 Players Forward
Center Wing Time % Phy DF OF
1 Darroll Powe Nigel Dawes 60 1 2 2
2 Mats Zuccarello Sergei Shirokov 40 1 2 2
Penalty Kill 4 Players Defense
Defense Defense Time % Phy DF OF
1 Sheldon Brookbank Jeff Schultz 60 1 2 2
2 Ryan Suter Karlis Skrastins 40 1 2 2
Penalty Kill - 3 Players Forward
Forward Time % Phy DF OF
1 Darroll Powe 60 1 2 2
2 Sergei Shirokov 40 1 2 2
Penalty Kill - 3 Players Defense
Defense Defense Time % Phy DF OF
1 Sheldon Brookbank Jeff Schultz 60 1 2 2
2 Ryan Suter Zbynek Michalek 40 1 2 2
4 vs 4 Forward
Center Wing Time % Phy DF OF
1 Darroll Powe Nigel Dawes 60 1 2 2
2 Jarret Stoll Steve Downie 40 1 2 2
4 vs 4 Defense
Defense Defense Time % Phy DF OF
1 Zbynek Michalek Jeff Schultz 60 1 2 2
2 Ryan Suter Sheldon Brookbank 40 1 2 2
Last Minutes Offensive
Center Left Wing Right Wing Defense Defense
Darroll Powe Nigel Dawes Steve Downie Ryan Suter Sheldon Brookbank
Last Minutes Defensive
Center Left Wing Right Wing Defense Defense
Darroll Powe Nigel Dawes Sergei Shirokov Jeff Schultz Karlis Skrastins
Goaltenders
Starting : Michael Leighton
Backup : Dany Sabourin
Extra Forwards
Normal : Darroll Powe, Steve Downie, Jack Skille - PP : Steve Downie, Sergei Shirokov - PK : Nigel Dawes
Extra Defensemen
Normal : Ryan Suter, Sheldon Brookbank, Jeff Schultz - PP : Sheldon Brookbank - PK : Sheldon Brookbank, Jeff Schultz
Penalty Shots
Jack Skille, Nigel Dawes, Mats Zuccarello, Jarret Stoll, Troy Brouwer
% Time on Ice - Gangsters
Lines # - Real PCT - Wanted PCT - Time Play
Normal Forward
1 - 35% - 40% - 16:02
2 - 30% - 30% - 13:56
3 - 19% - 20% - 8:56
4 - 16% - 10% - 7:14
Normal Defense
1 - 38% - 40% - 17:30
2 - 33% - 30% - 15:19
3 - 27% - 20% - 12:36
4 - 2% - 10% - 0:43
PP Forward
1 - 57% - 60% - 2:23
2 - 43% - 40% - 1:47
PP Defense
1 - 65% - 60% - 2:42
2 - 35% - 40% - 1:28
PK Forward
1 - 76% - 60% - 4:29
2 - 24% - 40% - 1:24
PK Defense
1 - 70% - 60% - 4:07
2 - 30% - 40% - 1:46
PK3 Forward
1 - 0% - 60%
2 - 0% - 40%
PK3 Defense
1 - 0% - 60%
2 - 0% - 40%
44 Forward
1 - 80% - 60% - 3:04
2 - 20% - 40% - 0:45
44 Defense
1 - 65% - 60% - 2:29
2 - 35% - 40% - 1:20
Last Minute Offensive - 0:00
Last Minute Defensive - 0:00
Total
Forward - 60:00
Defense - 60:00
|
% Time on Ice - Knights
Lines # - Real PCT - Wanted PCT - Time Play
Normal Forward
1 - 34% - 38% - 15:37
2 - 25% - 30% - 11:43
3 - 24% - 22% - 11:14
4 - 16% - 10% - 7:34
Normal Defense
1 - 41% - 40% - 18:44
2 - 33% - 30% - 15:13
3 - 19% - 20% - 8:49
4 - 7% - 10% - 3:22
PP Forward
1 - 44% - 60% - 2:36
2 - 56% - 40% - 3:17
PP Defense
1 - 74% - 60% - 4:20
2 - 26% - 40% - 1:33
PK Forward
1 - 88% - 60% - 3:41
2 - 12% - 40% - 0:29
PK Defense
1 - 60% - 60% - 2:31
2 - 40% - 40% - 1:39
PK3 Forward
1 - 0% - 60%
2 - 0% - 40%
PK3 Defense
1 - 0% - 60%
2 - 0% - 40%
44 Forward
1 - 71% - 60% - 2:42
2 - 29% - 40% - 1:07
44 Defense
1 - 59% - 60% - 2:15
2 - 41% - 40% - 1:34
Last Minute Offensive - 0:00
Last Minute Defensive - 0:00
Total
Forward - 60:00
Defense - 60:00
|
Play by Play
1st period
0:01 of 1st period - Artem Anisimov wins face-off versus Darroll Powe in neutral zone.
0:16 of 1st period - Slapshot by Steve Downie.
0:16 of 1st period - Shot Blocked by Staffan Kronwall.
0:53 of 1st period - Cory Murphy is hit by Ryan Suter and loses puck.
1:27 of 1st period - Backhand shot by Steve Downie.
1:27 of 1st period - Shot Misses the Net.
1:29 of 1st period - Wrist shot by Garnet Exelby.
1:29 of 1st period - Stopped by Steve Valiquette with a rebound.
1:31 of 1st period - Snap shot by Darroll Powe.
1:31 of 1st period - Goal by Darroll Powe - Gangsters : 0 - Knights : 1.
1:32 of 1st period - Alexandre Bolduc wins face-off versus Jarret Stoll in neutral zone.
2:02 of 1st period - Off-side.
2:03 of 1st period - Artem Anisimov wins face-off versus Peter Mueller in neutral zone.
2:07 of 1st period - Off-side.
2:08 of 1st period - Darroll Powe wins face-off versus Artem Anisimov in neutral zone.
2:11 of 1st period - Wrist shot by Darroll Powe.
2:11 of 1st period - Stopped by Steve Valiquette with a rebound.
2:17 of 1st period - Snap shot by Troy Brouwer.
2:17 of 1st period - Shot Misses the Net.
2:19 of 1st period - Backhand shot by Darroll Powe.
2:19 of 1st period - Shot Misses the Net.
2:21 of 1st period - Slapshot by Karlis Skrastins.
2:21 of 1st period - Deflect By Darroll Powe.
2:21 of 1st period - Goal by Darroll Powe - Gangsters : 0 - Knights : 2.
2:22 of 1st period - Darroll Powe wins face-off versus Byron Ritchie in neutral zone.
2:49 of 1st period - Icing by Nigel Dawes.
2:50 of 1st period - Nigel Dawes wins face-off versus Jaroslav Balastik in Knights zone.
3:03 of 1st period - Snap shot by Sergei Shirokov.
3:03 of 1st period - Shot Misses the Net.
3:41 of 1st period - Snap shot by Tim Jackman.
3:41 of 1st period - Shot Blocked by Darroll Powe.
4:15 of 1st period - Slapshot by Jarret Stoll.
4:15 of 1st period - Shot Misses the Net.
4:17 of 1st period - Slapshot by Nigel Dawes.
4:17 of 1st period - Deflect By Sergei Shirokov.
4:17 of 1st period - Shot Misses the Net.
4:17 of 1st period - Puck is out of play.
4:18 of 1st period - Alexandre Bolduc wins face-off versus Jarret Stoll in Gangsters zone.
4:18 of 1st period - Alexandre Bolduc is hit by Ryan Suter.
4:58 of 1st period - Snap shot by Nigel Dawes.
4:58 of 1st period - Shot Misses the Net.
5:00 of 1st period - Slapshot by Jarret Stoll.
5:00 of 1st period - Stopped by Steve Valiquette without a rebound.
5:01 of 1st period - Alexandre Bolduc wins face-off versus Darroll Powe in Gangsters zone.
5:47 of 1st period - Kyle Greentree is hit by Byron Ritchie and loses puck.
6:12 of 1st period - Wrist shot by Joel Ward.
6:12 of 1st period - Stopped by Steve Valiquette without a rebound.
6:13 of 1st period - Alexandre Bolduc wins face-off versus Darroll Powe in Gangsters zone.
7:31 of 1st period - Wrist shot by Chris Bourque.
7:31 of 1st period - Stopped by Michael Leighton with a rebound.
7:47 of 1st period - Snap shot by Troy Brouwer.
7:47 of 1st period - Stopped by Steve Valiquette with a rebound.
7:49 of 1st period - Snap shot by Steve Downie.
7:49 of 1st period - Shot Misses the Net.
8:11 of 1st period - Wrist shot by Tim Jackman.
8:11 of 1st period - Shot Misses the Net.
8:33 of 1st period - Snap shot by Jarret Stoll.
8:33 of 1st period - Deflect By Nigel Dawes.
8:33 of 1st period - Stopped by Steve Valiquette with a rebound.
8:35 of 1st period - Wrist shot by Jarret Stoll.
8:35 of 1st period - Stopped by Steve Valiquette with a rebound.
8:37 of 1st period - Snap shot by Nigel Dawes.
8:37 of 1st period - Shot Blocked by Mike Commodore.
8:49 of 1st period - Backhand shot by Byron Ritchie.
8:49 of 1st period - Stopped by Michael Leighton without a rebound.
8:50 of 1st period - Danny Irmen wins face-off versus Byron Ritchie in Knights zone.
9:16 of 1st period - Tim Jackman is hit by Darroll Powe and loses puck.
9:22 of 1st period - Minor Penalty to Garnet Exelby for Holding.
9:22 of 1st period - Minor Penalty to Jaroslav Balastik for Holding.
9:23 of 1st period - Darroll Powe wins face-off versus Chris Bourque in Gangsters zone.
9:34 of 1st period - Slapshot by Byron Ritchie.
9:34 of 1st period - Shot Misses the Net.
10:40 of 1st period - Ryan Suter is hit by Cory Murphy and loses puck.
10:49 of 1st period - Slapshot by Igor Radulov.
10:49 of 1st period - Stopped by Michael Leighton with a rebound.
10:51 of 1st period - Slapshot by Mike Commodore.
10:51 of 1st period - Stopped by Michael Leighton without a rebound.
10:52 of 1st period - Chris Bourque wins face-off versus Darroll Powe in Knights zone.
11:22 of 1st period - Penalty to Garnet Exelby is over, Garnet Exelby is back on ice.
11:22 of 1st period - Penalty to Jaroslav Balastik is over, Jaroslav Balastik is back on ice.
11:47 of 1st period - Snap shot by Nigel Dawes.
11:47 of 1st period - Stopped by Steve Valiquette with a rebound.
11:49 of 1st period - Snap shot by Nigel Dawes.
11:49 of 1st period - Stopped by Steve Valiquette with a rebound.
12:25 of 1st period - Snap shot by Tim Jackman.
12:25 of 1st period - Stopped by Michael Leighton without a rebound.
12:26 of 1st period - Peter Mueller wins face-off versus Artem Anisimov in Knights zone.
13:01 of 1st period - Slapshot by Jaroslav Balastik.
13:01 of 1st period - Shot Misses the Net.
13:03 of 1st period - Wrist shot by Artem Anisimov.
13:03 of 1st period - Shot Blocked by Karlis Skrastins.
13:05 of 1st period - Snap shot by Jaroslav Balastik.
13:05 of 1st period - Shot Misses the Net.
13:07 of 1st period - Wrist shot by Jaroslav Balastik.
13:07 of 1st period - Deflect By Tim Jackman.
13:07 of 1st period - Shot Blocked by Karlis Skrastins.
13:07 of 1st period - Puck is out of play.
13:08 of 1st period - Darroll Powe wins face-off versus Alexandre Bolduc in Knights zone.
13:33 of 1st period - Sergei Shirokov is hit by Chris Bourque and loses puck.
13:40 of 1st period - Snap shot by Byron Ritchie.
13:40 of 1st period - Stopped by Michael Leighton without a rebound.
13:41 of 1st period - Byron Ritchie wins face-off versus Darroll Powe in Knights zone.
14:28 of 1st period - Slapshot by Joel Ward.
14:28 of 1st period - Deflect By Kyle Greentree.
14:28 of 1st period - Shot Misses the Net.
14:28 of 1st period - Puck is out of play.
14:29 of 1st period - Artem Anisimov wins face-off versus Danny Irmen in Gangsters zone.
14:29 of 1st period - Artem Anisimov is hit by Joel Ward.
14:35 of 1st period - Slapshot by Cory Murphy.
14:35 of 1st period - Shot Misses the Net.
14:37 of 1st period - Slapshot by Cory Murphy.
14:37 of 1st period - Stopped by Michael Leighton with a rebound.
14:39 of 1st period - Snap shot by Staffan Kronwall.
14:39 of 1st period - Deflect By Garnet Exelby.
14:39 of 1st period - Stopped by Michael Leighton without a rebound.
14:40 of 1st period - Darroll Powe wins face-off versus Alexandre Bolduc in Knights zone.
14:49 of 1st period - Wrist shot by Igor Radulov.
14:49 of 1st period - Stopped by Michael Leighton with a rebound.
15:11 of 1st period - Wrist shot by Tim Jackman.
15:11 of 1st period - Shot Misses the Net.
15:13 of 1st period - Slapshot by Cory Murphy.
15:13 of 1st period - Shot Misses the Net.
15:15 of 1st period - Slapshot by Cory Murphy.
15:15 of 1st period - Shot Blocked by Ryan Suter.
15:31 of 1st period - Snap shot by Peter Mueller.
15:31 of 1st period - Stopped by Steve Valiquette with a rebound.
15:45 of 1st period - Sheldon Brookbank is hit by Alexandre Bolduc and loses puck.
16:20 of 1st period - Slapshot by Darroll Powe.
16:20 of 1st period - Stopped by Steve Valiquette without a rebound.
16:21 of 1st period - Artem Anisimov wins face-off versus Darroll Powe in Gangsters zone.
16:29 of 1st period - Minor Penalty to Troy Brouwer for Cross-checking.
16:30 of 1st period - Byron Ritchie wins face-off versus Darroll Powe in Knights zone.
16:38 of 1st period - Minor Penalty to Jaroslav Balastik for Holding.
16:39 of 1st period - Chris Bourque wins face-off versus Darroll Powe in Gangsters zone.
16:50 of 1st period - Wrist shot by Nigel Dawes.
16:50 of 1st period - Shot Blocked by Cory Murphy.
17:28 of 1st period - Ryan Suter is hit by Ryan Jones and loses puck.
18:21 of 1st period - Staffan Kronwall is hit by Jack Skille and loses puck.
18:29 of 1st period - Penalty to Troy Brouwer is over, Troy Brouwer is back on ice.
18:38 of 1st period - Penalty to Jaroslav Balastik is over, Jaroslav Balastik is back on ice.
18:53 of 1st period - Slapshot by Chris Bourque.
18:53 of 1st period - Shot Misses the Net.
18:55 of 1st period - Wrist shot by Cory Murphy.
18:55 of 1st period - Shot Blocked by Jeff Schultz.
18:57 of 1st period - Slapshot by Cory Murphy.
18:57 of 1st period - Shot Blocked by Darroll Powe.
19:05 of 1st period - Wrist shot by Chris Bourque.
19:05 of 1st period - Stopped by Michael Leighton without a rebound.
19:06 of 1st period - Peter Mueller wins face-off versus Brock Bradford in Knights zone.
19:11 of 1st period - Mike Commodore is hit by Sheldon Brookbank and loses puck.
19:22 of 1st period - Slapshot by Peter Mueller.
19:22 of 1st period - Stopped by Steve Valiquette without a rebound.
19:23 of 1st period - Danny Irmen wins face-off versus Artem Anisimov in Gangsters zone.
19:26 of 1st period - Slapshot by Sheldon Brookbank.
19:26 of 1st period - Shot Misses the Net.
19:28 of 1st period - Slapshot by Sheldon Brookbank.
19:28 of 1st period - Shot Blocked by Jaroslav Balastik.
19:30 of 1st period - Slapshot by Ryan Suter.
19:30 of 1st period - Stopped by Steve Valiquette with a rebound.
19:34 of 1st period - Snap shot by Joel Ward.
19:34 of 1st period - Stopped by Steve Valiquette without a rebound.
19:35 of 1st period - Alexandre Bolduc wins face-off versus Peter Mueller in Gangsters zone.
2nd period
0:01 of 2nd period - Darroll Powe wins face-off versus Artem Anisimov in neutral zone.
0:12 of 2nd period - Wrist shot by Steve Downie.
0:12 of 2nd period - Shot Misses the Net.
0:14 of 2nd period - Wrist shot by Darroll Powe.
0:14 of 2nd period - Stopped by Steve Valiquette with a rebound.
0:16 of 2nd period - Backhand shot by Steve Downie.
0:16 of 2nd period - Deflect By Troy Brouwer.
0:16 of 2nd period - Stopped by Steve Valiquette without a rebound.
0:17 of 2nd period - Jarret Stoll wins face-off versus Alexandre Bolduc in Gangsters zone.
1:09 of 2nd period - Wrist shot by Byron Ritchie.
1:09 of 2nd period - Shot Blocked by Jeff Schultz.
2:00 of 2nd period - Slapshot by Jaroslav Balastik.
2:00 of 2nd period - Shot Misses the Net.
2:04 of 2nd period - Wrist shot by Tim Jackman.
2:04 of 2nd period - Stopped by Michael Leighton with a rebound.
2:06 of 2nd period - Slapshot by Tim Jackman.
2:06 of 2nd period - Stopped by Michael Leighton with a rebound.
2:26 of 2nd period - Slapshot by Steve Downie.
2:26 of 2nd period - Goal by Steve Downie - Gangsters : 0 - Knights : 3.
2:27 of 2nd period - Sergei Shirokov wins face-off versus Artem Anisimov in neutral zone.
2:42 of 2nd period - Wrist shot by Tim Jackman.
2:42 of 2nd period - Stopped by Michael Leighton without a rebound.
2:43 of 2nd period - Darroll Powe wins face-off versus Alexandre Bolduc in Knights zone.
3:00 of 2nd period - Ryan Keller is hit by Zbynek Michalek and loses puck.
3:35 of 2nd period - Snap shot by Jack Skille.
3:35 of 2nd period - Stopped by Steve Valiquette without a rebound.
3:36 of 2nd period - Byron Ritchie wins face-off versus Peter Mueller in Gangsters zone.
3:53 of 2nd period - Snap shot by Chris Bourque.
3:53 of 2nd period - Shot Misses the Net.
3:55 of 2nd period - Snap shot by Matt Read.
3:55 of 2nd period - Shot Misses the Net.
4:25 of 2nd period - Snap shot by Peter Mueller.
4:25 of 2nd period - Shot Misses the Net.
4:27 of 2nd period - Snap shot by Jack Skille.
4:27 of 2nd period - Goal by Jack Skille - Gangsters : 0 - Knights : 4.
4:28 of 2nd period - Artem Anisimov wins face-off versus Darroll Powe in neutral zone.
4:39 of 2nd period - Zbynek Michalek is hit by Jaroslav Balastik and loses puck.
5:02 of 2nd period - Icing by Jeff Schultz.
5:03 of 2nd period - Alexandre Bolduc wins face-off versus Jarret Stoll in Knights zone.
5:06 of 2nd period - Snap shot by Igor Radulov.
5:06 of 2nd period - Shot Misses the Net.
5:45 of 2nd period - Minor Penalty to Ryan Keller for Cross-checking.
5:46 of 2nd period - Jaroslav Balastik wins face-off versus Darroll Powe in Gangsters zone.
7:40 of 2nd period - Snap shot by Jack Skille.
7:40 of 2nd period - Shot Misses the Net.
7:45 of 2nd period - Penalty to Ryan Keller is over, Ryan Keller is back on ice.
7:50 of 2nd period - Igor Radulov is hit by Garnet Exelby and loses puck.
8:09 of 2nd period - Snap shot by Ryan Jones.
8:09 of 2nd period - Stopped by Michael Leighton without a rebound.
8:10 of 2nd period - Brock Bradford wins face-off versus Peter Mueller in Knights zone.
9:01 of 2nd period - Troy Brouwer is hit by Igor Radulov and loses puck.
9:16 of 2nd period - Slapshot by Nigel Dawes.
9:16 of 2nd period - Shot Misses the Net.
9:25 of 2nd period - Snap shot by Sergei Shirokov.
9:25 of 2nd period - Stopped by Steve Valiquette with a rebound.
9:32 of 2nd period - Icing by Mike Commodore.
9:33 of 2nd period - Artem Anisimov wins face-off versus Peter Mueller in Gangsters zone.
9:44 of 2nd period - Snap shot by Igor Radulov.
9:44 of 2nd period - Shot Misses the Net.
9:46 of 2nd period - Slapshot by Ryan Keller.
9:46 of 2nd period - Goal by Ryan Keller - Gangsters : 1 - Knights : 4.
9:47 of 2nd period - Artem Anisimov wins face-off versus Darroll Powe in neutral zone.
9:54 of 2nd period - Slapshot by Cory Murphy.
9:54 of 2nd period - Goal by Cory Murphy - Gangsters : 2 - Knights : 4.
9:55 of 2nd period - Artem Anisimov wins face-off versus Darroll Powe in neutral zone.
10:00 of 2nd period - Snap shot by Jaroslav Balastik.
10:00 of 2nd period - Stopped by Michael Leighton with a rebound.
10:02 of 2nd period - Wrist shot by Jaroslav Balastik.
10:02 of 2nd period - Stopped by Michael Leighton with a rebound.
10:08 of 2nd period - Wrist shot by Tim Jackman.
10:08 of 2nd period - Shot Misses the Net.
10:10 of 2nd period - Slapshot by Cory Murphy.
10:10 of 2nd period - Shot Blocked by Darroll Powe.
11:28 of 2nd period - Wrist shot by Steve Downie.
11:28 of 2nd period - Shot Blocked by Ville Koistinen.
11:30 of 2nd period - Slapshot by Garnet Exelby.
11:30 of 2nd period - Stopped by Steve Valiquette without a rebound.
11:31 of 2nd period - Jaroslav Balastik wins face-off versus Darroll Powe in Gangsters zone.
11:38 of 2nd period - Wrist shot by Staffan Kronwall.
11:38 of 2nd period - Shot Misses the Net.
11:54 of 2nd period - Icing by Staffan Kronwall.
11:55 of 2nd period - Tim Jackman wins face-off versus Jarret Stoll in Gangsters zone.
12:23 of 2nd period - Wrist shot by Sergei Shirokov.
12:23 of 2nd period - Stopped by Steve Valiquette without a rebound.
12:24 of 2nd period - Troy Brouwer wins face-off versus Alexandre Bolduc in Gangsters zone.
12:25 of 2nd period - Wrist shot by Darroll Powe.
12:25 of 2nd period - Shot Blocked by Igor Radulov.
12:35 of 2nd period - Wrist shot by Igor Radulov.
12:35 of 2nd period - Deflect By Ryan Keller.
12:35 of 2nd period - Stopped by Michael Leighton with a rebound.
12:37 of 2nd period - Slapshot by Josh Gorges.
12:37 of 2nd period - Shot Blocked by Darroll Powe.
12:39 of 2nd period - Slapshot by Josh Gorges.
12:39 of 2nd period - Shot Misses the Net.
12:46 of 2nd period - Minor Penalty to Matt Read for Roughing.
12:47 of 2nd period - Darroll Powe wins face-off versus Jaroslav Balastik in Gangsters zone.
12:54 of 2nd period - Wrist shot by Darroll Powe.
12:54 of 2nd period - Shot Blocked by Cory Murphy.
12:56 of 2nd period - Slapshot by Darroll Powe.
12:56 of 2nd period - Stopped by Steve Valiquette with a rebound.
12:58 of 2nd period - Slapshot by Sheldon Brookbank.
12:58 of 2nd period - Stopped by Steve Valiquette with a rebound.
13:20 of 2nd period - Slapshot by Jarret Stoll.
13:20 of 2nd period - Deflect By Jack Skille.
13:20 of 2nd period - Stopped by Steve Valiquette without a rebound.
13:21 of 2nd period - Steve Downie wins face-off versus Tim Jackman in Gangsters zone.
13:58 of 2nd period - Cory Murphy is hit by Garnet Exelby and loses puck.
14:13 of 2nd period - Sheldon Brookbank is hit by Igor Radulov and loses puck.
14:46 of 2nd period - Penalty to Matt Read is over, Matt Read is back on ice.
15:02 of 2nd period - Josh Gorges is hit by Ryan Suter and loses puck.
15:13 of 2nd period - Slapshot by Mike Commodore.
15:13 of 2nd period - Stopped by Michael Leighton without a rebound.
15:14 of 2nd period - Brock Bradford wins face-off versus Peter Mueller in Knights zone.
15:47 of 2nd period - Slapshot by Cory Murphy.
15:47 of 2nd period - Shot Misses the Net.
16:21 of 2nd period - Joel Ward is hit by Chris Bourque and loses puck.
17:01 of 2nd period - Josh Gorges is hit by Steve Downie and loses puck.
17:42 of 2nd period - Slapshot by Chris Bourque.
17:42 of 2nd period - Stopped by Michael Leighton with a rebound.
17:44 of 2nd period - Slapshot by Byron Ritchie.
17:44 of 2nd period - Deflect By Chris Bourque.
17:44 of 2nd period - Shot Blocked by Danny Irmen.
17:44 of 2nd period - Puck is out of play.
17:45 of 2nd period - Darroll Powe wins face-off versus Artem Anisimov in Knights zone.
17:47 of 2nd period - Minor Penalty to Artem Anisimov for Tripping.
17:48 of 2nd period - Jaroslav Balastik wins face-off versus Darroll Powe in Gangsters zone.
17:48 of 2nd period - Jaroslav Balastik is hit by Nigel Dawes.
18:04 of 2nd period - Snap shot by Nigel Dawes.
18:04 of 2nd period - Shot Misses the Net.
19:15 of 2nd period - Wrist shot by Sergei Shirokov.
19:15 of 2nd period - Stopped by Steve Valiquette with a rebound.
19:27 of 2nd period - Snap shot by Jarret Stoll.
19:27 of 2nd period - Shot Misses the Net.
19:29 of 2nd period - Slapshot by Ryan Suter.
19:29 of 2nd period - Shot Misses the Net.
19:31 of 2nd period - Backhand shot by Jarret Stoll.
19:31 of 2nd period - Shot Blocked by Staffan Kronwall.
19:33 of 2nd period - Slapshot by Ryan Suter.
19:33 of 2nd period - Goal by Ryan Suter - Gangsters : 2 - Knights : 5.
19:34 of 2nd period - Artem Anisimov wins face-off versus Darroll Powe in neutral zone.
3rd period
0:01 of 3rd period - Darroll Powe wins face-off versus Artem Anisimov in neutral zone.
0:06 of 3rd period - Slapshot by Darroll Powe.
0:06 of 3rd period - Goal by Darroll Powe - Gangsters : 2 - Knights : 6.
0:07 of 3rd period - Artem Anisimov wins face-off versus Darroll Powe in neutral zone.
0:12 of 3rd period - Wrist shot by Jaroslav Balastik.
0:12 of 3rd period - Stopped by Michael Leighton without a rebound.
0:13 of 3rd period - Jaroslav Balastik wins face-off versus Darroll Powe in Knights zone.
0:16 of 3rd period - Wrist shot by Jaroslav Balastik.
0:16 of 3rd period - Stopped by Michael Leighton with a rebound.
0:40 of 3rd period - Slapshot by Sergei Shirokov.
0:40 of 3rd period - Shot Misses the Net.
0:42 of 3rd period - Snap shot by Jarret Stoll.
0:42 of 3rd period - Stopped by Steve Valiquette with a rebound.
1:06 of 3rd period - Slapshot by Cory Murphy.
1:06 of 3rd period - Deflect By Zbynek Michalek.
1:06 of 3rd period - Stopped by Michael Leighton without a rebound.
1:07 of 3rd period - Artem Anisimov wins face-off versus Troy Brouwer in Knights zone.
1:10 of 3rd period - Slapshot by Jaroslav Balastik.
1:10 of 3rd period - Stopped by Michael Leighton without a rebound.
1:11 of 3rd period - Artem Anisimov wins face-off versus Darroll Powe in Knights zone.
2:08 of 3rd period - Wrist shot by Tim Jackman.
2:08 of 3rd period - Stopped by Michael Leighton without a rebound.
2:09 of 3rd period - Darroll Powe wins face-off versus Alexandre Bolduc in Knights zone.
3:30 of 3rd period - Wrist shot by Alexandre Bolduc.
3:30 of 3rd period - Shot Blocked by Troy Brouwer.
3:58 of 3rd period - Snap shot by Igor Radulov.
3:58 of 3rd period - Shot Blocked by Karlis Skrastins.
4:08 of 3rd period - Slapshot by Cory Murphy.
4:08 of 3rd period - Stopped by Michael Leighton without a rebound.
4:09 of 3rd period - Jarret Stoll wins face-off versus Artem Anisimov in Knights zone.
4:17 of 3rd period - Nigel Dawes and Alexei Emelin fight to a draw.
4:17 of 3rd period - Penalty to Nigel Dawes for Fighting.
4:17 of 3rd period - Penalty to Alexei Emelin for Fighting.
4:18 of 3rd period - Darroll Powe wins face-off versus Tim Jackman in Knights zone.
4:18 of 3rd period - Darroll Powe is hit by Tim Jackman.
5:04 of 3rd period - Mike Commodore is hit by Ryan Suter and loses puck.
5:06 of 3rd period - Minor Penalty to Troy Brouwer for Hooking.
5:07 of 3rd period - Darroll Powe wins face-off versus Byron Ritchie in Knights zone.
5:48 of 3rd period - Ryan Suter is hit by Tim Jackman and loses puck.
5:49 of 3rd period - Ryan Suter from Knights is injured at 5:49 of 3rd period (Sprained Right Ankle).
5:50 of 3rd period - Darroll Powe wins face-off versus Byron Ritchie in Knights zone.
6:05 of 3rd period - Slapshot by Cory Murphy.
6:05 of 3rd period - Shot Blocked by Jeff Schultz.
7:06 of 3rd period - Penalty to Troy Brouwer is over, Troy Brouwer is back on ice.
7:14 of 3rd period - Snap shot by Cory Murphy.
7:14 of 3rd period - Stopped by Michael Leighton without a rebound.
7:15 of 3rd period - Jarret Stoll wins face-off versus Brock Bradford in Knights zone.
7:49 of 3rd period - Wrist shot by Byron Ritchie.
7:49 of 3rd period - Deflect By Zbynek Michalek.
7:49 of 3rd period - Shot Misses the Net.
7:49 of 3rd period - Puck is out of play.
7:50 of 3rd period - Artem Anisimov wins face-off versus Jarret Stoll in Knights zone.
7:51 of 3rd period - Snap shot by Jaroslav Balastik.
7:51 of 3rd period - Stopped by Michael Leighton without a rebound.
7:52 of 3rd period - Jarret Stoll wins face-off versus Artem Anisimov in Knights zone.
7:52 of 3rd period - Jarret Stoll is hit by Tim Jackman.
8:40 of 3rd period - Danny Irmen is hit by Cory Murphy and loses puck.
9:03 of 3rd period - Karlis Skrastins is hit by Cory Murphy and loses puck.
9:32 of 3rd period - Nick Foligno is hit by Sergei Shirokov and loses puck.
10:59 of 3rd period - Staffan Kronwall is hit by Jack Skille and loses puck.
11:18 of 3rd period - Nick Foligno is hit by Kyle Greentree.
11:47 of 3rd period - Sergei Shirokov is hit by Igor Radulov.
11:51 of 3rd period - Igor Radulov is hit by Sergei Shirokov and loses puck.
12:09 of 3rd period - Wrist shot by Mats Zuccarello.
12:09 of 3rd period - Stopped by Steve Valiquette with a rebound.
12:24 of 3rd period - Off-side.
12:25 of 3rd period - Brock Bradford wins face-off versus Darroll Powe in neutral zone.
12:25 of 3rd period - Minor Penalty to Troy Brouwer for Slashing.
12:26 of 3rd period - Darroll Powe wins face-off versus Byron Ritchie in Knights zone.
13:01 of 3rd period - Backhand shot by Ryan Keller.
13:01 of 3rd period - Stopped by Michael Leighton without a rebound.
13:02 of 3rd period - Alexandre Bolduc wins face-off versus Mats Zuccarello in Knights zone.
13:53 of 3rd period - Snap shot by Sergei Shirokov.
13:53 of 3rd period - Stopped by Steve Valiquette with a rebound.
13:55 of 3rd period - Snap shot by Mats Zuccarello.
13:55 of 3rd period - Stopped by Steve Valiquette with a rebound.
14:07 of 3rd period - Alexandre Bolduc is hit by Danny Irmen and loses puck.
14:25 of 3rd period - Penalty to Troy Brouwer is over, Troy Brouwer is back on ice.
15:08 of 3rd period - Jarret Stoll is hit by Ryan Jones and loses puck.
15:25 of 3rd period - Slapshot by Kyle Greentree.
15:25 of 3rd period - Shot Misses the Net.
15:27 of 3rd period - Snap shot by Joel Ward.
15:27 of 3rd period - Shot Misses the Net.
15:29 of 3rd period - Wrist shot by Danny Irmen.
15:29 of 3rd period - Stopped by Steve Valiquette with a rebound.
16:06 of 3rd period - Zbynek Michalek is hit by Alexei Emelin and loses puck.
16:13 of 3rd period - Jack Skille is hit by Ryan Jones and loses puck.
16:26 of 3rd period - Garnet Exelby is hit by Byron Ritchie and loses puck.
16:33 of 3rd period - Chris Bourque is hit by Mats Zuccarello and loses puck.
16:38 of 3rd period - Slapshot by Jack Skille.
16:38 of 3rd period - Goal by Jack Skille - Gangsters : 2 - Knights : 7.
16:39 of 3rd period - Artem Anisimov wins face-off versus Darroll Powe in neutral zone.
17:30 of 3rd period - Slapshot by Nick Foligno.
17:30 of 3rd period - Stopped by Michael Leighton with a rebound.
17:32 of 3rd period - Wrist shot by Brock Bradford.
17:32 of 3rd period - Shot Misses the Net.
18:15 of 3rd period - Jack Skille is hit by Alexei Emelin.
18:19 of 3rd period - Wrist shot by Garnet Exelby.
18:19 of 3rd period - Stopped by Steve Valiquette with a rebound.
18:21 of 3rd period - Snap shot by Jack Skille.
18:21 of 3rd period - Stopped by Steve Valiquette without a rebound.
18:22 of 3rd period - Darroll Powe wins face-off versus Alexandre Bolduc in Gangsters zone.
18:27 of 3rd period - Wrist shot by Troy Brouwer.
18:27 of 3rd period - Stopped by Steve Valiquette with a rebound.
18:50 of 3rd period - Snap shot by Sergei Shirokov.
18:50 of 3rd period - Shot Misses the Net.
19:05 of 3rd period - Icing by Ryan Keller.
19:06 of 3rd period - Artem Anisimov wins face-off versus Danny Irmen in Gangsters zone.
19:13 of 3rd period - Slapshot by Tim Jackman.
19:13 of 3rd period - Shot Misses the Net.
19:39 of 3rd period - Snap shot by Steve Downie.
19:39 of 3rd period - Stopped by Steve Valiquette without a rebound.
19:40 of 3rd period - Jarret Stoll wins face-off versus Artem Anisimov in Gangsters zone.
19:56 of 3rd period - Minor Penalty to Garnet Exelby for Interference.
19:57 of 3rd period - Darroll Powe wins face-off versus Byron Ritchie in Knights zone.
Output by the SimonT Hockey Simulator (STHS) for François Prévost -- Original Page W3C XHTML 1.0 Valid